 Dungeon Crawl Stone Soup version 0.27-a0-1193-g8631133539 (webtiles) character file.

Game seed: 14500848210554689051

172 mandarbmax the Firebug (level 5, -3/31 HPs)
             Began as an Octopode Fire Elementalist on May 25, 2021.
             Slain by an orc warrior
             ... wielding a +0 glaive
              (19 damage)
             ... on level 3 of the Dungeon.
             The game lasted 00:11:31 (4582 turns).

mandarbmax the Firebug (Octopode Fire Elementalist) Turns: 4582, Time: 00:11:34

Health: -3/31      AC:  5    Str:  7    XL:     5   Next: 53%
Magic:  10/10      EV: 13    Int: 19    God:
Gold:   89         SH:  0    Dex: 12    Spells: 6/11 levels left

rFire    . . .     SeeInvis .   (no weapon)
rCold    . . .     Faith    .   (no shield)
rNeg     . . .     Spirit   .   (helmet restricted)
rPois    .         Reflect  .   (no amulet)
rElec    .         Harm     .   c - +4 ring of protection
rCorr    .         Rampage  .   (no ring)
Will     .....                  (no ring)
Stlth    +++.......             (no ring)
HPRegen  0.10/turn              (no ring)
MPRegen  0.12/turn              (no ring)
                                (no ring)
                                (no ring)

@: no status effects
A: almost no armour, amphibious, 8 rings, camouflage 1, gelatinous body 1,
(nimble swimmer 1), tentacles
a: no special abilities


You were on level 3 of the Dungeon.
You visited 1 branch of the dungeon, and saw 4 of its levels.

You collected 89 gold pieces.

Inventory:

Jewellery
 c - a +4 ring of protection (left tentacle)
Scrolls
 a - a scroll of summoning
 d - a scroll of noise
 e - 3 scrolls of identify
 f - a scroll of vulnerability {unknown}
 g - a scroll of magic mapping {unknown}
 h - a scroll of enchant armour {unknown}
 k - a scroll of amnesia {unknown}
 l - 2 scrolls of teleportation {unknown}
 m - a scroll of torment {unknown}
 n - a scroll of holy word {unknown}
Potions
 b - a potion of attraction {unknown}
 i - a potion of lignification {unknown}
 j - a potion of heal wounds {unknown}


   Skills:
 - Level 2.0 Dodging
 - Level 2.6 Stealth
 + Level 3.6 Spellcasting
 - Level 1.0 Conjurations
 + Level 4.9 Fire Magic


You had 6 spell levels left.
You knew the following spells:

 Your Spells              Type           Power      Damage    Failure   Level
a - Foxfire               Conj/Fire      56%        2x1d6     4%          1
b - Sticky Flame          Conj/Fire      14%        2d4       38%         4

Your spell library contained the following spells:

 Spells                   Type           Power      Damage    Failure   Level
 Conjure Flame            Conj/Fire      14%        6-21      13%         3
 Summon Small Mammal      Summ           12%        N/A       14%         1
 Inner Flame              Hex/Fire       12%        N/A       16%         3
 Call Imp                 Summ           3%         N/A       22%         2
 Call Canine Familiar     Summ           3%         N/A       38%         3
 Summon Guardian Golem    Hex/Summ       3%         N/A       38%         3
 Fireball                 Conj/Fire      7%         3d5       75%         5
 Summon Ice Beast         Ice/Summ       3%         N/A       80%         4
 Summon Lightning Spire   Summ/Air       3%         N/A       80%         4


Dungeon Overview and Level Annotations

Branches:
Dungeon (4/15)
 Temple: D:4-7

Altars:
Wu Jian


Innate Abilities, Weirdness & Mutations

You cannot wear most types of armour.
You are amphibious.
You can wear up to eight rings at the same time.
Your skin changes colour to match your surroundings (Stealth+).
Your rubbery body absorbs attacks. (AC +1, EV +1)
((You are camouflaged near water. (Stealth+)))
You have tentacles for arms and can constrict up to eight enemies at once.


Message History

You kill the adder!
You conjure some foxfire!
You conjure some foxfire!
There is not enough space to conjure foxfire!
Your foxfire dissipates! x2
Your foxfire dissipates!
Your foxfire dissipates! x2
You see here an adder corpse.
You see here an adder corpse.
Found a stone staircase leading down.
There is a stone staircase leading down here.
You pick up a book of Callings and begin reading...
You add the spells Summon Small Mammal, Call Imp, Call Canine Familiar, Summon Guardian Golem, Summon Lightning Spire and Summon Ice Beast to your library.
Done exploring.
Done exploring.
Okay, then.
(D) Dungeon
Where to? (Enter - D:2, ? - help)
There is a stone staircase leading down here.
You climb downwards.
You hear the sound of rushing water.
There is an entrance to a sewer on this level.
Hurry and find it before the portal rusts away!
A kobold and 5 orcs come into view.
The kobold shouts!
The orc wizard shouts!
The orc priest shouts!
The orc warrior shouts!
Found 10 gold pieces.
Found a stone staircase leading down.
There is a stone staircase leading up here.
The orc warrior barely misses you.
The orc priest hits you with a +0 hand axe.
The orc priest closely misses you.
You climb upwards.
There is a stone staircase leading down here.
As you read the scroll labelled OBE KEXICUMN, it crumbles to dust.
You hear a loud clanging noise!
It was a scroll of noise.
The orc priest mumbles some strange prayers to Beogh against you.
Beogh smites you!
The orc warrior hits you with a +0 glaive!!
Ouch! That really hurt!
You die...

#...# #.
#######.#########รท
#.................
#.#####.#####.####
#.# #.# #.# #.#
#.#####.# #.#
#.......# #o#
#######.#### #@#
#..... #o# #.####
#o# #.# #.# ##.####
#.# #.#...# #.#
##.##.# #.# #####
####.# #.# ##.>.##
#.# #.####.....#
#.#


You could see an orc warrior and 2 orc priests.

Vanquished Creatures
  Natasha (twice) (D:2)
  5 adders
  An ufetubus (D:3)
  A worm (D:2)
  A dart slug (D:1)
  7 bats
  4 endoplasms
  5 giant cockroaches
  5 goblins
  4 hobgoblins
  3 jackals (D:3)
  6 kobolds
  3 quokkas
  5 ball pythons
  14 frilled lizards
  7 rats
73 creatures vanquished.

Vanquished Creatures (others)
  393 foxfires
  8 plants (D:1)
401 creatures vanquished.

Grand Total: 474 creatures vanquished

Notes
Turn   | Place    | Note
-------+----------+-------------------------------------------
     0 | D:1      | mandarbmax the Octopode Fire Elementalist began the quest
                  | for the Orb.
     0 | D:1      | Reached XP level 1. HP: 11/11 MP: 3/3
    21 | D:1      | Found a faded altar of an unknown god.
   294 | D:1      | Reached XP level 2. HP: 17/17 MP: 0/5
  1050 | D:1      | Reached XP level 3. HP: 21/21 MP: 0/6
  1486 | D:2      | Reached skill level 4 in Fire Magic
  2108 | D:2      | Noticed Natasha
  2112 | D:2      | Killed Natasha
  2113 | D:2      | Reached XP level 4. HP: 27/27 MP: 0/8
  2207 | D:2      | Learned a level 4 spell: Sticky Flame
  2859 | D:2      | Noticed Natasha
  2866 | D:2      | Killed Natasha
  2867 | D:2      | Reached XP level 5. HP: 31/31 MP: 2/10
  4031 | D:3      | Found an ornate altar of the Wu Jian Council.
  4579 | D:4      | Noticed an orc warrior
  4582 | D:3      | Slain by an orc warrior

Illustrated notes

Levels and vault maps discovered:
D:1:      psy_arrival_dodecagon, layout_basic,
          chequers_ecumenical_altar_simple_redux, minmay_lizard_king
D:2:      layout_basic, uniq_natasha
D:3:      layout_loops_ring, old_standard_altar, minmay_misc_feat_roman
D:4:      layout_cave_pools, lemuel_tele_altar,
          chequers_temple_overflow_statue_of_worship,
          nicolae_ru_the_path_less_chosen, minmay_temple_entry_stoned_glass,
          gup_sewer_entry_bowl, chequers_serial_rivers_room_b

Skill      XL: |  1  2  3  4 |
---------------+-------------+-----
Fire Magic     | 4 |  4.9
Spellcasting   | 3 |  3.6
Dodging        | |  2.0
Stealth        | |  2.6
Conjurations   | |  1.0

Action                   |  1- 3 |  4- 6 || total
-------------------------+-------+-------++-------
Melee: Unarmed           |    14 |    13 ||    27
       Constrict         |     3 |     3 ||     6
       Tentacles         |     1 |     4 ||     5
 Cast: Foxfire           |   111 |   125 ||   236
  Use: Scroll            |       |     3 ||     3
       Potion            |       |     2 ||     2
Armor: Skin              |    14 |     7 ||    21
Dodge: Dodged            |    32 |    23 ||    55

Table legend: (Time is in decaauts)
 A = Elapsed time spent in this place.
 B = Non-inter-level travel time spent in this place.
 C = Inter-level travel time spent in this place.
 D = Time resting spent in this place.
 E = Time spent auto-exploring this place.
 F = Levels seen in this place.
 G = Mean time per level.
                   A        B        C        D        E       F      G
               +--------+--------+--------+--------+--------+-----+--------+
         Total |   4563 |   4408 |    155 |    290 |   3533 |   4 | 1140.8 |
       Dungeon |   4563 |   4408 |    155 |    290 |   3533 |   4 | 1140.8 |
               +--------+--------+--------+--------+--------+-----+--------+

Top non-repeatable levels by time:
     D:2: 1885 daAuts
     D:1: 1381 daAuts
     D:3: 1295 daAuts
     D:4: 1 daAuts
